 Dungeon Crawl Stone Soup version 0.29-a0-477-g62b78b4225 (webtiles) character file.

Game seed: 15892662820681006929

61 Infinimo the Cudgeller (level 3, -1/28 HPs)
             Began as a Demonspawn Gladiator on May 24, 2022.
             Slain by a worm (8 damage)
             ... on level 2 of the Dungeon.
             The game lasted 00:01:32 (2490 turns).

Infinimo the Cudgeller (Demonspawn Gladiator)       Turns: 2490, Time: 00:01:33

Health: -1/28      AC:  3    Str: 14    XL:     3   Next: 83%
Magic:  3/3        EV: 12    Int: 11    God:
Gold:   40         SH:  0    Dex: 14    Spells: 2/2 levels left

rFire   . . .      SeeInvis .   a - +0 flail
rCold   . . .      Faith    .   (no shield)
rNeg    . . .      Spirit   .   b - +0 leather armour
rPois   .          Reflect  .   (helmet restricted)
rElec   .          Harm     .   (no cloak)
rCorr   .          Rampage  .   (no gloves)
Will    .....                   (no boots)
Stlth   +.........              (no amulet)
HPRegen 0.09/turn               (no ring)
MPRegen 0.08/turn               (no ring)

@: no status effects
A: antennae 1
a: no special abilities


You were on level 2 of the Dungeon.
You visited 1 branch of the dungeon, and saw 2 of its levels.

You collected 40 gold pieces.

Inventory:

Hand Weapons
 a - a +0 flail (weapon)
Missiles
 d - 3 throwing nets (quivered)
 e - a javelin
Armour
 b - a +0 leather armour (worn)
 c - a +0 helmet
Jewellery
 l - an amulet of reflection
Scrolls
 g - a scroll of teleportation {unknown}
 i - 2 scrolls of enchant armour {unknown}
 n - a scroll of fog {unknown}
 o - a scroll of immolation {unknown}
 p - a scroll of vulnerability {unknown}
 q - 2 scrolls of identify {unknown}
Potions
 f - a potion of might {unknown}
 h - a potion of attraction {unknown}
 j - 2 potions of cancellation {unknown}
 k - 2 potions of lignification {unknown}
 m - a potion of haste {unknown}


   Skills:
 + Level 2.7 Fighting
 * Level 3.6 Maces & Flails
 - Level 1.7 Throwing
 + Level 3.1 Dodging


You had 2 spell levels left.
You didn't know any spells.
Your spell library contained the following spells:

 Spells                   Type           Power      Damage    Failure   Level
 Summon Small Mammal      Summ           0%         N/A       41%         1
 Call Canine Familiar     Summ           0%         N/A       80%         3
 Summon Guardian Golem    Hex/Summ       0%         N/A       80%         3


Dungeon Overview and Level Annotations

Branches:
Dungeon (2/15)

Altars:


Innate Abilities, Weirdness & Mutations

You have a pair of small antennae on your head.


Message History

No target in view!
No target in view!
No target in view!
You see here a hobgoblin corpse.
A quokka comes into view.
A quokka is nearby!
The quokka bites you. The quokka bites you. The quokka bites you.
The quokka is moderately wounded.
The quokka bites you.
The quokka is severely wounded.
The quokka is severely wounded.
An endoplasm comes into view.
The endoplasm quivers.
You kill the quokka!
A worm comes into view.
The endoplasm freezes you.
You are frozen.
You are too injured to fight recklessly!
You are too injured to fight recklessly!
You are too injured to fight recklessly!
You are too injured to fight recklessly!
You are too injured to fight recklessly!
You are too injured to fight recklessly!
There are monsters nearby!
You are too injured to fight recklessly!
The endoplasm hits you.
The endoplasm is lightly wounded.
The endoplasm freezes you.
You are frozen.
* * * LOW HITPOINT WARNING * * *
You thump the endoplasm!
You kill the endoplasm!
The worm bites you.
* * * LOW HITPOINT WARNING * * *
The worm is moderately wounded.
The worm is moderately wounded.
The worm bites you!
You die...

#.# ........ #.#
........ #.# #####.##
#.. .. #.# ### ##.
#.#... #######.#.#
#......w..#
....###@#...... {
#######.################
.......†......†.........
#######.################
#.. ###


You could see a worm.

Vanquished Creatures
  An adder (D:2)
  2 dart slugs (D:1)
  7 ball pythons (D:1)
  3 bats (D:1)
  7 endoplasms
  2 giant cockroaches (D:1)
  3 goblins (D:1)
  8 hobgoblins
  4 kobolds
  A quokka (D:2)
  A frilled lizard (D:1)
  3 rats
42 creatures vanquished.

Notes
Turn   | Place    | Note
-------+----------+-------------------------------------------
     0 | D:1      | Infinimo the Demonspawn Gladiator began the quest for the
                  | Orb.
     0 | D:1      | Reached XP level 1. HP: 16/16 MP: 1/1
   276 | D:1      | Gained mutation: You have a pair of small antennae on your
                  | head. [demonic ancestry]
   276 | D:1      | Reached XP level 2. HP: 11/22 MP: 2/2
   679 | D:1      | Found a faded altar of an unknown god.
  1324 | D:1      | Reached XP level 3. HP: 20/28 MP: 3/3
  2490 | D:2      | Slain by a worm

Illustrated notes

Levels and vault maps discovered:
D:1:      matt_arrival_diagonals, layout_loops_ring,
          ebering_ecumenical_altar_petrified, minivault_14, minmay_tripent
D:2:      layout_basic

Skill      XL: |  1  2 |
---------------+-------+-----
Maces & Flails | 3 |  3.6
Dodging        | 3 |  3.1
Fighting       | |  2.7
Throwing       | |  1.7

Action                   || total
-------------------------++-------
Melee: Flail             ||   128
       Punch             ||     1
 Stab: Sleeping          ||     2
Armor: Leather armour    ||    27
Dodge: Dodged            ||    87

Table legend: (Time is in decaauts)
 A = Elapsed time spent in this place.
 B = Non-inter-level travel time spent in this place.
 C = Inter-level travel time spent in this place.
 D = Time resting spent in this place.
 E = Time spent auto-exploring this place.
 F = Levels seen in this place.
 G = Mean time per level.
                   A        B        C        D        E       F      G
               +--------+--------+--------+--------+--------+-----+--------+
         Total |   2521 |   2484 |     37 |      0 |   2199 |   2 | 1260.5 |
       Dungeon |   2521 |   2484 |     37 |      0 |   2199 |   2 | 1260.5 |
               +--------+--------+--------+--------+--------+-----+--------+

Top non-repeatable levels by time:
     D:1: 1927 daAuts
     D:2: 593 daAuts
